 Dungeon Crawl Stone Soup version 0.30.1-4-g462c640d31 (webtiles) character file.

Game seed: 10697262712605011122

4 Cheops the Caller (level 1, 0/13 HPs)
             Began as a Merfolk Summoner on Sept 18, 2023.
             Slain by a frilled lizard (3 damage)
             ... on level 1 of the Dungeon.
             The game lasted 00:01:33 (288 turns).

Cheops the Caller (Merfolk Summoner)                 Turns: 288, Time: 00:01:34

Health: 0/13       AC:  2    Str:  8    XL:     1   Next: 70%
Magic:  1/3        EV: 12    Int: 14    God:
Gold:   38         SH:  0    Dex: 14    Spells: 3/4 levels left

rFire   . . .        a - +0 dagger
rCold   . . .        (no shield)
rNeg    . . .        c - +0 robe
rPois   .            (no helmet)
rElec   .            (no cloak)
rCorr   .            (no gloves)
SInv    .            (no boots)
Will    .....        (no amulet)
Stlth   ++           (no ring)
HPRegen 0.22/turn    (no ring)
MPRegen 0.08/turn

%: no passive effects
@: no status effects
A: (nimble swimmer 2), mertail
a: no special abilities


You were on level 1 of the Dungeon.
You visited 1 branch of the dungeon, and saw 1 of its levels.

You collected 38 gold pieces.

Inventory:

Hand Weapons
 a - a +0 dagger (weapon)
Armour
 c - a +0 robe (worn)
Potions
 b - a potion of magic


   Skills:
 - Level 2.6 Dodging
 - Level 2.1 Stealth
 * Level 2.3 Spellcasting
 - Level 4.0 Summonings


You had 3 spell levels left.
You knew the following spells:

 Your Spells              Type           Power      Damage    Failure   Level
M - Summon Small Mammal   Summ           48%        N/A       4%          1

Your spell library contained the following spells:

 Spells                   Type           Power      Damage    Failure   Level
 Call Imp                 Summ           24%        N/A       7%          2
 Call Canine Familiar     Summ           12%        N/A       13%         3
 Summon Guardian Golem    Hex/Summ       7%         N/A       30%         3
 Summon Lightning Spire   Summ/Air       7%         N/A       69%         4


Dungeon Overview and Level Annotations

Branches:
Dungeon (1/15)

Altars:


Innate Abilities, Weirdness & Mutations

((You are very nimble when in or above water. (Stealth+, EV+, Speed+++)))
Your lower body shifts to a powerful aquatic tail in water.


Message History

Confirm with . or Enter, or press ? or * to list all spells.
The endoplasm hits your rat but does no damage.
You swap places.
A frilled lizard comes into view.
The endoplasm barely misses you.
The frilled lizard hisses angrily.
You hit the endoplasm but do no damage. The endoplasm hits you.
Your bat hits the endoplasm but does no damage.
Your rat bites the endoplasm.
You hit the endoplasm but do no damage.
The endoplasm is lightly wounded.
Your bat hits the endoplasm but does no damage.
The endoplasm hits you.
Your rat bites the endoplasm.
You are too injured to fight recklessly!
You are too injured to fight recklessly!
You are too injured to fight recklessly!
You hit the endoplasm but do no damage.
The endoplasm is moderately wounded.
The endoplasm freezes you.
You are frozen.
* * * LOW HITPOINT WARNING * * *
Your rat bites the endoplasm.
Your bat barely misses the endoplasm.
You hit the endoplasm but do no damage.
The endoplasm is heavily wounded.
Your bat hits the endoplasm.
A rat comes into view.
The endoplasm hits you but does no damage.
Your rat bites the endoplasm but does no damage.
You barely miss the endoplasm.
The endoplasm is severely wounded.
Your bat closely misses the frilled lizard.
The frilled lizard closely misses you. The endoplasm freezes you.
You are frozen.
* * * LOW HITPOINT WARNING * * *
Your rat barely misses the endoplasm.
You barely miss the endoplasm.
The endoplasm is severely wounded.
The frilled lizard bites you.
You die...

#.###.##########
# # ##.####### #
##. #........ #
..# ##.#######
#.###.## ##...##
. #.....#
...r#.#b#.#####
#...l@r......
#..⌠..#J#.#####
#.#.......#
...####### ####


You could see an endoplasm (ally target), a frilled lizard, a rat, a friendly
bat (summoned) and a friendly rat (summoned).

Vanquished Creatures
  A ball python (D:1)
  A bat (D:1)
2 creatures vanquished.

Vanquished Creatures (collateral kills)
  A goblin (D:1)
  A bat (D:1)
  A frilled lizard (D:1)
  A rat (D:1)
4 creatures vanquished.

Grand Total: 6 creatures vanquished

Notes
Turn   | Place    | Note
-------+----------+-------------------------------------------
     0 | D:1      | Cheops the Merfolk Summoner began the quest for the Orb.
     0 | D:1      | Reached XP level 1. HP: 13/13 MP: 3/3
   288 | D:1      | Slain by a frilled lizard

Illustrated notes

Levels and vault maps discovered:
D:1:      wander_arrival_fairy_ring, layout_loops_ring, minivault_5,
          hangedman_feature_mirror

Action                     || total
---------------------------++-------
  Melee: Dagger            ||     7
         Unarmed           ||     7
   Cast: Summon Small Mamm ||    10
   Stab: Distracted        ||     1
 Armour: Robe              ||     5
  Dodge: Dodged            ||     5
